 Dungeon Crawl Stone Soup version 0.30-a0-367-g839099abd5 (webtiles) character file.

Game seed: 5561999942153016121

43 Aramant the Trooper (level 3, -1/30 HPs)
             Began as a Demonspawn Berserker on Nov 18, 2022.
             Was a Follower of Trog.
             Slain by a jelly (2 damage)
             ... on level 5 of the Dungeon.
             The game lasted 00:02:10 (654 turns).

Aramant the Trooper (Demonspawn Berserker)           Turns: 654, Time: 00:02:11

Health: -1/30      AC: -2    Str: 19    XL:     3   Next: 37%
Magic:  3/3        EV:  6    Int:  8    God:    Trog [*.....]
Gold:   81         SH:  6    Dex: 12    Spells: 2/2 levels left

rFire   . . .      SeeInvis .    a - +0 spear
rCold   . . .      Faith    .    g - +0 kite shield
rNeg    . . .      Spirit   .    h - +0 chain mail
rPois   .          Reflect  .    (no helmet)
rElec   .          Harm     .    (no cloak)
rCorr   .          Rampage  .    (no gloves)
Will    .....                    e - +0 pair of boots
Stlth   ..........               (no amulet)
HPRegen 0.25/turn                (no ring)
MPRegen 0.08/turn                (no ring)

@: corroded
A: demonic magic 1
a: Renounce Religion, Berserk


You were on level 5 of the Dungeon.
You worshipped Trog.
Trog was aware of your devotion.
You visited 1 branch of the dungeon, and saw 5 of its levels.

You collected 81 gold pieces.

Inventory:

Hand Weapons
 a - a +0 spear (weapon)
Missiles
 d - 2 throwing nets (quivered)
Armour
 e - a +0 pair of boots (worn)
 g - a +0 kite shield (worn)
 h - a +0 chain mail (worn)
Scrolls
 f - a scroll of magic mapping {unknown}
Potions
 b - a potion of flight {unknown}
 c - a potion of attraction {unknown}


   Skills:
 + Level 3.8 Fighting
 + Level 2.9 Polearms
 + Level 1.8 Armour
 + Level 2.3 Dodging


You had 2 spell levels left.
You didn't know any spells.
Your spell library was empty.

Dungeon Overview and Level Annotations

Branches:
Dungeon (5/15)
 Temple: D:4-7

Altars:


Innate Abilities, Weirdness & Mutations

Spells you cast may paralyse adjacent enemies.


Message History

The hound is severely wounded.
The hound bites you but does no damage.
You hit the hound but do no damage.
The hound is severely wounded.
The hound stops to sniff the ground.
The hound bites you but does no damage. x2
You hit the hound.
The hound is almost dead.
The hound bites you but does no damage. x2
You hit the hound.
The hound is almost dead.
You block the hound's attack.
You hit the hound.
The hound is almost dead.
You block the hound's attack. The hound bites you.
The jelly hits you but does no damage.
You hit the hound.
You kill the hound!
Trog accepts your kill. The jelly closely misses you.
Your Dodging skill increases to level 2!
You have reached level 3!
Your experience leads to an increase in your attributes!
Increase (S)trength, (I)ntelligence, or (D)exterity?
You feel stronger. x2
You hit the jelly but do no damage.
Your hands burn!
The jelly hits you. The acid corrodes you!
You are splashed with acid!
You hit the jelly.
Your hands burn!
The jelly is lightly wounded.
The jelly hits you but does no damage.
You hit the jelly but do no damage. The acid corrodes you!
Your hands burn!
The jelly is lightly wounded.
The jelly hits you.
You are splashed with acid!
* * * LOW HITPOINT WARNING * * *
The jelly hits you but does no damage.
You hit the jelly but do no damage. The acid corrodes you!
Your hands burn!
* * * LOW HITPOINT WARNING * * *
The jelly is lightly wounded.
The jelly hits you.
You die...

#. #............##
#..#..#.#.#..#....
..................
#...#.#.#.#..##.#
#...........<...##
...........<........
....................
.............###.#.#
......>...@†........
...........J........
............#####. .
..#...###....#
...$.. ....... .#...
.#....#.# ..
.#....#.# . .....# #


You could see a jelly.

Vanquished Creatures
  A hound (D:5)
  A dart slug (D:3)
  A ball python (D:1)
  An endoplasm (D:4)
  A giant cockroach (D:3)
  2 goblins (D:3)
  A hobgoblin (D:3)
  2 kobolds (D:1)
  A bat (D:2)
  A rat (D:2)
12 creatures vanquished.

Notes
Turn   | Place    | Note
-------+----------+-------------------------------------------
     0 | D:1      | Aramant the Demonspawn Berserker began the quest for the
                  | Orb.
     0 | D:1      | Reached XP level 1. HP: 18/18 MP: 1/1
   169 | D:3      | Gained mutation: Spells you cast may paralyse adjacent
                  | enemies. [demonic ancestry]
   169 | D:3      | Reached XP level 2. HP: 8/24 MP: 2/2
   628 | D:5      | Entered Level 5 of the Dungeon
   651 | D:5      | Reached XP level 3. HP: 29/30 MP: 3/3
   654 | D:5      | HP: 1/30 [acid (3)]
   654 | D:5      | Slain by a jelly

Illustrated notes

Levels and vault maps discovered:
D:1:      dpeg_arrival_simpleton_a, layout_rooms,
          chequers_ecumenical_altar_lobes, serial_co_window_serial,
          co_window_paths_a, co_window_paths_b, co_window_corner_a,
          co_window_paths_a, co_window_paths_b, co_window_corner_a,
          co_window_paths_a, co_window_paths_b, co_window_paths_a,
          co_window_paths_c, co_window_broadway_a, co_window_corner_b,
          co_window_unsneaky_path_c, co_window_paths_c, co_window_2corner,
          glass_columns_b, glass_columns_a, glass_columns_a, glass_columns_a,
          glass_columns_a, minmay_fountain_box, dreamdust_princess_bridge
D:2:      layout_basic, uniq_natasha
D:3:      layout_rooms
D:4:      layout_gridville, mainiacjoe_overflow_24_doors
D:5:      layout_basic, grunt_temple_overflow_diamond, uniq_ijyb

Skill      XL: |  1  2 |
---------------+-------+-----
Dodging        | 2 |  2.3
Fighting       | |  3.8
Polearms       | |  2.9
Armour         | |  1.8

Action                   || total
-------------------------++-------
Melee: Spear             ||    45
  Use: Scroll            ||     2
 Stab: Sleeping          ||     2
Armor: Animal skin       ||     6
       Chain mail        ||    10
Dodge: Dodged            ||    18
Block: Kite shield       ||     3

Table legend: (Time is in decaauts)
 A = Elapsed time spent in this place.
 B = Non-inter-level travel time spent in this place.
 C = Inter-level travel time spent in this place.
 D = Time resting spent in this place.
 E = Time spent auto-exploring this place.
 F = Levels seen in this place.
 G = Mean time per level.
                   A        B        C        D        E       F      G
               +--------+--------+--------+--------+--------+-----+--------+
         Total |    653 |    653 |      0 |    290 |    115 |   5 |  130.6 |
       Dungeon |    653 |    653 |      0 |    290 |    115 |   5 |  130.6 |
               +--------+--------+--------+--------+--------+-----+--------+

Top non-repeatable levels by time:
     D:3: 270 daAuts
     D:4: 193 daAuts
     D:1: 108 daAuts
     D:2: 53 daAuts
     D:5: 27 daAuts
